[Event "ICCopen2017"]
[Site "Internet Chess Club"]
[Date "2017.03.19"]
[Round "6"]
[White "tonychess2014"]
[Black "Eliezer"]
[Result "1/2-1/2"]
[ICCResult "White stalemated"]
[WhiteElo "1833"]
[BlackElo "1518"]
[Opening "Hungarian defense"]
[ECO "C50"]
[NIC "IG.03"]
[Time "20:14:32"]
[TimeControl "180+0"]

1. e4 e5 2. Nf3 Nc6 3. Bc4 Be7 4. d3 Nf6 5. Nc3 d6 6. h3 Be6 7. Bxe6 fxe6 8.
d4 Qd7 9. dxe5 Nxe5 10. Nxe5 dxe5 11. Qxd7+ Nxd7 12. Be3 c6 13. Rd1 b6 14.
O-O O-O-O 15. f4 Bf6 16. f5 exf5 17. Rxf5 Nb8 18. Rxd8+ Rxd8 19. Bg5 Nd7 20.
Bxf6 gxf6 21. g4 Kc7 22. g5 fxg5 23. Rxg5 h6 24. Rg7 Rh8 25. Kg2 Kd6 26. Kg3
h5 27. Kh4 a5 28. Rg6+ Kc5 29. Ne2 b5 30. Ng3 Nf8 31. Rg5 Kd4 32. Rxh5 Rg8
33. Rg5 Rh8+ 34. Kg4 Ne6 35. Rg6 Nc5 36. Rxc6 Nxe4 37. Nxe4 Kxe4 38. h4 Kd5
39. Ra6 a4 40. b3 axb3 41. axb3 e4 42. Ra1 Kd4 43. Re1 e3 44. Kf3 Rxh4 45.
Rd1+ Kc3 46. Kxe3 Kxc2 47. Rg1 Kxb3 48. Rg3 b4 49. Kd2+ Ka2 50. Kc2 Rc4+ 51.
Kd1 b3 52. Rg7 b2 53. Ra7+ Kb3 54. Rb7+ Rb4 55. Rxb4+ Kxb4 56. Kc2 Ka3 57.
Kb1 Kb3 {White stalemated} 1/2-1/2

[Event "ICCopen2017"]
[Site "Internet Chess Club"]
[Date "2017.03.19"]
[Round "6"]
[White "GiantHulk"]
[Black "fletcherdavid"]
[Result "1-0"]
[ICCResult "Black forfeits on time"]
[WhiteElo "2138"]
[BlackElo "1819"]
[Opening "Nimzovich-Larsen attack: Dutch variation"]
[ECO "A01"]
[NIC "VO.08"]
[Time "20:14:17"]
[TimeControl "180+0"]

1. b3 f5 2. Bb2 e6 3. Nf3 Nf6 4. e3 d5 5. Be2 Bd6 6. O-O O-O 7. c4 c6 8. Be5
Bxe5 9. Nxe5 Nbd7 10. Nxd7 Qxd7 11. d4 b6 12. Nd2 Bb7 13. Nf3 Qe7 14. Rc1
Rac8 15. Ne5 Nd7 16. Nd3 Rfd8 17. Bf3 g6 18. Qd2 Nf6 19. Ne5 Nd7 20. Nxd7
Rxd7 21. b4 Rcd8 22. Rfd1 Kg7 23. Qb2 g5 24. g3 Kg6 25. Qa3 Ba8 26. cxd5
exd5 27. Qa4 h5 28. b5 c5 29. dxc5 bxc5 30. Qa3 g4 31. Bg2 c4 32. Qxe7 Rxe7
33. Rxc4 Rb8 34. Bxd5 Bxd5 35. Rxd5 Reb7 36. Rc6+ Kg7 37. a4 Rf7 38. Rdd6
Rbb7 39. Rh6 Rbd7 40. Rxh5 Rd1+ 41. Kg2 Ra1 42. Rg5+ Kh7 43. Rc5 Rxa4 44.
Rcxf5 Rxf5 45. Rxf5 Kg6 46. Rf4 Ra2 47. Rxg4+ {Black forfeits on time} 1-0

[Event "ICCopen2017"]
[Site "Internet Chess Club"]
[Date "2017.03.19"]
[Round "6"]
[White "beaupre"]
[Black "BotanicalKnight"]
[Result "1-0"]
[ICCResult "Black forfeits on time"]
[WhiteElo "1787"]
[BlackElo "1516"]
[Opening "Caro-Kann defense"]
[ECO "B10"]
[NIC "CK.01"]
[Time "20:14:35"]
[TimeControl "180+0"]

1. e4 c6 2. Nf3 d5 3. e5 Bg4 4. d4 e6 5. Be2 Qb6 6. c3 c5 7. O-O Nd7 8. Nbd2
Ne7 9. h3 Bh5 10. b3 Nc6 11. Bb2 Be7 12. Re1 O-O 13. Rc1 Rfc8 14. Nh2 Bg6
15. Nhf3 a5 16. Nf1 Qa7 17. a4 b6 18. Bb5 Qb7 19. Ne3 Na7 20. Be2 cxd4 21.
cxd4 Rxc1 22. Qxc1 Rc8 23. Qd1 b5 24. axb5 Nxb5 25. Bd3 Bxd3 26. Qxd3 Nf8
27. Ng4 Ng6 28. Qe2 Bb4 29. Rd1 Nc3 30. Bxc3 Rxc3 31. Nd2 Rc2 32. Qd3 Nf4
33. Qxc2 Ne2+ 34. Kh1 Nxd4 35. Qd3 Nf5 36. Ne3 Ne7 37. Rc1 g6 38. Nf3 Kg7
39. Ng5 Nf5 40. Nxf5+ gxf5 41. Qg3 Kf8 42. Nf3 Ke7 43. Qh4+
{Black forfeits on time}
1-0

[Event "ICCopen2017"]
[Site "Internet Chess Club"]
[Date "2017.03.19"]
[Round "6"]
[White "allmight"]
[Black "kamalchandran"]
[Result "1-0"]
[ICCResult "Black resigns"]
[WhiteElo "1950"]
[BlackElo "1758"]
[Opening "King's Indian: orthodox, Aronin-Taimanov, 9.Ne1"]
[ECO "E98"]
[NIC "KI.03"]
[Time "20:14:20"]
[TimeControl "180+0"]

1. d4 Nf6 2. c4 g6 3. Nc3 Bg7 4. e4 d6 5. Be2 O-O 6. Nf3 e5 7. O-O Nc6 8. d5
Ne7 9. Ne1 Nd7 10. Be3 f5 11. f3 f4 12. Bf2 g5 13. Nd3 Rf6 14. c5 Rh6 15.
cxd6 cxd6 16. Nb5 Qe8 17. Nc7 Qh5 18. h4 Rb8 19. Rc1 gxh4 20. Kh2 h3 21. g4
fxg3+ 22. Bxg3 Rg6 23. Rg1 Bh6 24. f4 exf4 25. Bxh5 fxg3+ 26. Rxg3 Bf4 27.
Nxf4 {Black resigns} 1-0

[Event "ICCopen2017"]
[Site "Internet Chess Club"]
[Date "2017.03.19"]
[Round "6"]
[White "patterncircular"]
[Black "leonardoalmeida"]
[Result "0-1"]
[ICCResult "White forfeits on time"]
[WhiteElo "2082"]
[BlackElo "1837"]
[Opening "Réti opening"]
[ECO "A04"]
[NIC "QP.11"]
[Time "20:14:43"]
[TimeControl "180+0"]

1. Nf3 e6 2. d3 d5 3. c3 Nf6 4. Bg5 Be7 5. Nbd2 O-O 6. e4 dxe4 7. dxe4 Nbd7
8. Qc2 b6 9. Rd1 Bb7 10. Be2 Re8 11. O-O Qc8 12. b4 c5 13. b5 Qc7 14. Rfe1
Ne5 15. Nxe5 Qxe5 16. f4 Qc7 17. Bxf6 Bxf6 18. e5 Be7 19. Nc4 Rad8 20. Bd3
g6 21. Be4 Bxe4 22. Qxe4 Rxd1 23. Rxd1 Rd8 24. Rxd8+ Qxd8 25. g3 Qd1+ 26.
Kg2 Kg7 27. h4 h5 28. Kh2 Qf1 29. Ne3 Qf2+ 30. Kh3 Qg1 31. Qf3 Qc1 32. Qe2
Qxc3 33. a4 Qd4 34. Kg2 c4 35. Nxc4 Bc5 36. Kh2 Qg1+ 37. Kh3 Qh1+ 38. Qh2
Qf1+ 39. Qg2 Qxc4 {White forfeits on time} 0-1

[Event "ICCopen2017"]
[Site "Internet Chess Club"]
[Date "2017.03.19"]
[Round "6"]
[White "uggi"]
[Black "Speirs"]
[Result "0-1"]
[ICCResult "White forfeits on time"]
[WhiteElo "1889"]
[BlackElo "1712"]
[Opening "Nimzo-Indian: Kmoch variation"]
[ECO "E20"]
[NIC "NI.30"]
[Time "20:14:01"]
[TimeControl "180+0"]

1. d4 Nf6 2. c4 e6 3. Nc3 Bb4 4. f3 c5 5. d5 b5 6. dxe6 fxe6 7. e4 d5 8.
cxd5 exd5 9. Bxb5+ Bd7 10. Bxd7+ Nbxd7 11. exd5 O-O 12. Ne2 Bxc3+ 13. Nxc3
Re8+ 14. Kf2 c4 15. Re1 Rxe1 16. Qxe1 Qc7 17. Qe6+ Kh8 18. d6 Qb6+ 19. Kf1
Re8 20. Qxc4 Qxd6 21. Bf4 Qb6 22. b3 Qa5 23. Re1 Rxe1+ 24. Kxe1 h6 25. Kf1
Qf5 26. Ne2 Qb1+ 27. Kf2 Qxa2 28. g4 Qb1 29. h4 Qh1 30. h5 Qh4+ 31. Bg3 Qg5
32. Nf4 Qc5+ 33. Qxc5 Nxc5 34. b4 Na6 35. Nd3 Nd5 36. Bd6 Nc3 37. f4 Nb5 38.
Bc5 Nxc5 39. Nxc5 Kg8 40. Ke3 Nc3 41. Kd4 Ne2+ 42. Ke5 Nc3 43. g5 Nb5 44. g6
Kf8 45. f5 Ke7 46. Ne6 Na3 47. Nxg7 Nc4+ 48. Kd4 Nd6 49. Ke5 Nc4+
{White forfeits on time}
0-1

[Event "ICCopen2017"]
[Site "Internet Chess Club"]
[Date "2017.03.19"]
[Round "6"]
[White "WoodPushkin"]
[Black "MasterMind"]
[Result "0-1"]
[ICCResult "White forfeits on time"]
[WhiteElo "1596"]
[BlackElo "1815"]
[Opening "Sicilian: Canal-Sokolsky (Nimzovich-Rossolimo, Moscow) attack"]
[ECO "B51"]
[NIC "SI.01"]
[Time "20:13:29"]
[TimeControl "180+0"]

1. e4 c5 2. Nf3 d6 3. Bb5+ Nd7 4. Nc3 a6 5. Bxd7+ Bxd7 6. d4 cxd4 7. Qxd4
Bc6 8. Be3 e6 9. Qb6 Nf6 10. Qxd8+ Rxd8 11. Nd2 b5 12. a3 Be7 13. f3 d5 14.
exd5 Nxd5 15. Nxd5 Bxd5 16. O-O-O h5 17. Ne4 h4 18. Nc3 Bc6 19. Rxd8+ Kxd8
20. Bb6+ Kc8 21. Rd1 h3 22. g3 Bxf3 23. Rd3 Bc6 24. Ne2 f5 25. Nf4 e5 26.
Nd5 Bg5+ 27. Kd1 Kb7 28. Bf2 Rd8 29. Nb4 Bf3+ 30. Ke1 a5 31. Rxd8 Bxd8 32.
Nd3 e4 33. Nf4 g5 {White forfeits on time} 0-1

[Event "ICCopen2017"]
[Site "Internet Chess Club"]
[Date "2017.03.19"]
[Round "6"]
[White "doug50"]
[Black "lmenezes"]
[Result "1-0"]
[ICCResult "Black forfeits on time"]
[WhiteElo "1251"]
[BlackElo "1597"]
[Opening "Levitsky attack (Queen's bishop attack)"]
[ECO "D00"]
[NIC "QP.08"]
[Time "20:14:48"]
[TimeControl "180+0"]

1. d4 d5 2. Bg5 c5 3. Nf3 cxd4 4. Qxd4 Nc6 5. Qd1 Bf5 6. c3 h6 7. Bh4 Qb6 8.
Qc1 e6 9. e3 Bd6 10. Nbd2 Nge7 11. Be2 O-O 12. O-O e5 13. Bg3 Rfe8 14. Nb3
Rad8 15. Rd1 g5 16. h3 Kh8 17. Qd2 e4 18. Nfd4 Bxg3 19. fxg3 g4 20. h4 Ne5
21. Nxf5 Nxf5 22. Re1 Nxg3 23. Bf1 Nf5 24. Qf2 Qf6 25. Rad1 g3 26. Qf4 Rg8
27. Nd4 Nd3 28. Qxf5 Qxf5 29. Nxf5 Nxe1 30. Rxe1 a6 31. Nxh6 Kg7 32. Nf5+
Kf6 33. Nd4 Ke5 34. Re2 Rd6 35. Rd2 Rb6 36. Be2 Rh8 37. h5 f5 38. a3
{Black forfeits on time}
1-0

[Event "ICCopen2017"]
[Site "Internet Chess Club"]
[Date "2017.03.19"]
[Round "6"]
[White "zoujun1966"]
[Black "cloak1"]
[Result "0-1"]
[ICCResult "White forfeits on time"]
[WhiteElo "1542"]
[BlackElo "1866"]
[Opening "Alekhine's defense"]
[ECO "B03"]
[NIC "AL.09"]
[Time "20:13:51"]
[TimeControl "180+0"]

1. e4 Nf6 2. e5 Nd5 3. d4 Nb6 4. Nf3 d5 5. Bd3 Bg4 6. Nbd2 e6 7. c3 c5 8.
O-O Nc6 9. h3 Bh5 10. g4 Bg6 11. Bxg6 hxg6 12. Kg2 cxd4 13. cxd4 Rc8 14. b3
Bb4 15. Bb2 Ne7 16. a3 Bc3 17. Bxc3 Rxc3 18. Rc1 Qc7 19. Rxc3 Qxc3 20. Qc1
Qxc1 21. Rxc1 Kd7 22. Rc5 f6 23. Kg3 g5 24. Ne1 Nc6 25. Ndf3 Nc8 26. Nd3 b6
27. Rc1 N8e7 28. b4 Ng6 29. a4 Rc8 30. Re1 Nce7 31. Rc1 Rc4 32. Rxc4 dxc4
33. Nc1 a6 34. exf6 gxf6 35. b5 axb5 36. axb5 Nc8 37. Nd2 Nd6 38. Kf3 Nf4
39. h4 Nd5 40. h5 c3 41. Ne4 Nxb5 42. h6 Ne7 43. Nxf6+ Kd6 44. h7 Ng6 45.
Nd3 Nxd4+ 46. Ke3 Nc6 47. Ne4+ Ke7 48. Nxg5 Nh8 49. f4 b5 50. Ke4 b4 51. f5
b3 52. Ke3 b2 53. Nxe6 b1=Q 54. g5 Qg1+ 55. Ke4 c2 56. Kd5 Nd8 57. g6 Nxe6
58. g7 Qd4+ {White forfeits on time} 0-1

[Event "ICCopen2017"]
[Site "Internet Chess Club"]
[Date "2017.03.19"]
[Round "6"]
[White "BronStorm"]
[Black "marabu"]
[Result "0-1"]
[ICCResult "White forfeits on time"]
[WhiteElo "1857"]
[BlackElo "2128"]
[Opening "Philidor: Improved Hanham variation"]
[ECO "B07"]
[NIC "PU.08"]
[Time "20:14:32"]
[TimeControl "180+0"]

1. e4 d6 2. d4 Nf6 3. Nc3 e5 4. Nf3 Nbd7 5. Bc4 Be7 6. O-O O-O 7. h3 c6 8.
a4 a5 9. Re1 Qc7 10. Ba2 Re8 11. Qd3 Nf8 12. dxe5 dxe5 13. Ng5 Ne6 14. Nxe6
Bxe6 15. Bxe6 fxe6 16. Qc4 Bb4 17. Bg5 Qf7 18. Re3 h6 19. Bh4 Nh5 20. Rf3
Qg6 21. Ne2 Rf8 22. Rxf8+ Rxf8 23. c3 Bd6 24. Rd1 Bc7 25. Rd7 Rf7 26. Rxf7
Qxf7 27. Qd3 g5 28. Bg3 Nf4 29. Bxf4 gxf4 30. Kf1 Kf8 31. Ng1 Ke8 32. Nf3
Qd7 33. Qxd7+ Kxd7 34. Ke2 Kd6 35. Ne1 b5 36. b3 bxa4 37. bxa4 Kc5 38. Kd3
Bd8 39. Kc2 Kc4 40. Nd3 Bc7 41. Nb2+ Kc5 42. Kb3 Bb8 43. Nd3+ Kb6 44. Kc4
Bd6 45. f3 h5 46. Ne1 Bc5 47. Nd3 Bd6 48. Ne1 Bc7 49. Nd3 Bb8 50. Ne1 Kc7
51. Nd3 Kd6 {White forfeits on time} 0-1

[Event "ICCopen2017"]
[Site "Internet Chess Club"]
[Date "2017.03.19"]
[Round "6"]
[White "cheslikeyomama"]
[Black "wmanthony"]
[Result "1-0"]
[ICCResult "Black forfeits on time"]
[WhiteElo "1392"]
[BlackElo "1277"]
[Opening "Queen's pawn game"]
[ECO "A45"]
[NIC "QP.07"]
[Time "20:14:12"]
[TimeControl "180+0"]

1. d4 Nf6 2. e3 d5 3. f4 e6 4. Nf3 c5 5. c3 Nc6 6. Bd3 Be7 7. Ne5 O-O 8. Nd2
cxd4 9. exd4 Bd6 10. O-O Bxe5 11. fxe5 Nd7 12. Qh5 g6 13. Qh3 f6 14. Qxe6+
Kh8 15. Qxd5 Nb6 16. Qf3 Be6 17. exf6 Bd5 18. Ne4 Rf7 19. Bh6 Qd7 20. Bg7+
Kg8 21. Qg3 Bxe4 22. Bxe4 Re8 23. Bc2 Nd5 24. Rae1 Rxe1 25. Rxe1 Nxf6 26.
Bxf6 Rxf6 27. Bb3+ Kg7 28. Qe3 Qf5 29. d5 Na5 30. Qe7+ Rf7 31. Qe5+ Qxe5 32.
Rxe5 Nxb3 33. axb3 a6 34. d6 {Black forfeits on time} 1-0

[Event "ICCopen2017"]
[Site "Internet Chess Club"]
[Date "2017.03.19"]
[Round "6"]
[White "mvillalba"]
[Black "Chessjester"]
[Result "1-0"]
[ICCResult "Black forfeits on time"]
[WhiteElo "2159"]
[BlackElo "1849"]
[Opening "Dutch defense"]
[ECO "A90"]
[NIC "HD.03"]
[Time "20:14:04"]
[TimeControl "180+0"]

1. d4 e6 2. c4 f5 3. g3 Nf6 4. Bg2 d5 5. Qc2 Bd6 6. Nd2 O-O 7. Nh3 c6 8. O-O
Qe7 9. Nf3 b6 10. Bf4 Bxf4 11. Nxf4 Bb7 12. cxd5 cxd5 13. Rfc1 Na6 14. Ne5
Rac8 15. Qa4 Qb4 16. Qxb4 Nxb4 17. a3 Nc2 18. Nxe6 Nxa1 19. Rxa1 Rfe8 20.
Nf4 Ne4 21. f3 Nd2 22. Nfd3 Nb3 23. Rd1 Nxd4 24. e3 Nc2 25. Kf2 Kf8 26. f4
Ba6 27. Bxd5 Bxd3 28. Rxd3 Red8 29. Ke2 Na1 30. Rd2 a5 31. b4 Rc2 32. Rxc2
Nxc2 33. Bb3 Nxa3 34. bxa5 bxa5 35. Nc6 Ra8 36. Ba4 Nc4 37. Nd4 Nb2 38. Bb3
a4 39. Ba2 a3 40. Kd2 Na4 41. Nxf5 Nc5 42. Nd4 Rb8 43. Kc1 Rb2 44. Bc4 Rxh2
45. e4 a2 46. Bxa2 Rxa2 47. e5 Rg2 48. f5 Ke7 49. e6 Rxg3 50. Nc6+ Kd6 51.
e7 Re3 52. Nd4 Rxe7 53. Kd2 Rc7 54. Ke3 Ne4 55. Kxe4 Rc4 56. Kd3 Rxd4+ 57.
Kxd4 h5 58. Ke4 h4 59. Kf4 h3 60. f6 {Black forfeits on time} 1-0

[Event "ICCopen2017"]
[Site "Internet Chess Club"]
[Date "2017.03.19"]
[Round "6"]
[White "HuevosDeLeon"]
[Black "ylr5000"]
[Result "1-0"]
[ICCResult "Black forfeits on time"]
[WhiteElo "2609"]
[BlackElo "2285"]
[Opening "Queen's pawn: London system"]
[ECO "A45"]
[NIC "QP.07"]
[Time "20:14:32"]
[TimeControl "180+0"]

1. d4 Nf6 2. Bf4 g6 3. e3 Bg7 4. Nf3 O-O 5. Be2 b6 6. O-O Bb7 7. h3 d6 8. a4
a6 9. Nbd2 Nbd7 10. Bh2 Re8 11. c3 Ne4 12. Nxe4 Bxe4 13. Qb3 Qc8 14. Ng5 d5
15. f3 Bf5 16. e4 h6 17. exf5 hxg5 18. fxg6 Nf6 19. gxf7+ Kxf7 20. f4 g4 21.
hxg4 c6 22. f5 Rh8 23. Be5 Ne4 24. Rad1 Bxe5 25. dxe5 Qc7 26. Rxd5 cxd5 27.
Qxd5+ Kg7 28. Qxe4 Qc5+ 29. Qd4 Rhd8 30. Qxc5 bxc5 31. g5 Rab8 32. Bh5 Rd5
33. f6+ Kf8 34. Rf5 e6 35. Bf3 Rd2 36. Rf4 Rbxb2 37. g6 Rb8 38. Rh4 Kg8 39.
Rh7 Rc2 40. f7+ Kf8 41. Rh8+ Kg7 42. Rxb8 {Black forfeits on time} 1-0

[Event "ICCopen2017"]
[Site "Internet Chess Club"]
[Date "2017.03.19"]
[Round "6"]
[White "saya"]
[Black "YKQ"]
[Result "1-0"]
[ICCResult "Black resigns"]
[WhiteElo "2801"]
[BlackElo "2482"]
[Opening "Queen's pawn: London system"]
[ECO "A45"]
[NIC "QP.07"]
[Time "20:14:31"]
[TimeControl "180+0"]

1. d4 Nf6 2. Bf4 g6 3. e3 Bg7 4. h3 O-O 5. Nf3 d6 6. Be2 b6 7. O-O Bb7 8. c4
Nbd7 9. Bh2 Qe8 10. Qc2 e5 11. Nc3 a6 12. Rac1 Qe7 13. Rfd1 e4 14. Nd2 Rfe8
15. b4 a5 16. a3 axb4 17. axb4 c6 18. Nb3 Rec8 19. b5 c5 20. dxc5 dxc5 21.
Ra1 Ne5 22. Nd2 Ned7 23. Ra4 Rxa4 24. Nxa4 Qe6 25. Nf1 Bf8 26. Bf4 h5 27.
Ng3 Ra8 28. Nc3 h4 29. Nf1 Ne5 30. Na4 Nd3 31. Bg5 Nxf2 32. Kxf2 Qf5+ 33.
Bf4 g5 34. Nxb6 Re8 35. Bg4 Nxg4+ 36. hxg4 Qf6 37. Nd7 Qe7 38. Be5 Bg7 39.
Bxg7 Kxg7 40. Qc3+ f6 41. Rd2 Qe6 42. Nxc5 Qxg4 43. Nxb7 Re5 44. Nd6 h3 45.
gxh3 Qxh3 46. Ke1 Kg6 47. Rh2 Qf3 48. Rf2 Qh3 49. Qd4 Qd7 50. Rxf6+ Kxf6 51.
Nxe4+ Ke6 52. Nc5+ Rxc5 53. Qxc5 Qd3 54. Qd5+ Qxd5 55. cxd5+ Kxd5 56. Kf2
Kc5 57. Kf3 Kxb5 58. Kg4 Kc5 59. Kxg5 Kd5 60. Kf5 Kc4 61. e4 Kd3 62. e5 Ke2
63. Ng3+ {Black resigns} 1-0

[Event "ICCopen2017"]
[Site "Internet Chess Club"]
[Date "2017.03.19"]
[Round "6"]
[White "LittleMaster"]
[Black "shredded"]
[Result "1/2-1/2"]
[ICCResult "Black ran out of time and White has no material to mate"]
[WhiteElo "2317"]
[BlackElo "2761"]
[Opening "Owen defense"]
[ECO "B00"]
[NIC "VO.01"]
[Time "20:14:30"]
[TimeControl "180+0"]

1. e4 b6 2. d4 Bb7 3. Nd2 e6 4. Ngf3 g6 5. Bd3 Bg7 6. c3 d6 7. O-O h6 8. Re1
Ne7 9. Nf1 a6 10. Ng3 Nd7 11. Be3 O-O 12. Qc2 Re8 13. Rad1 Nf6 14. Qc1 Kh7
15. h3 Qd7 16. Nh2 b5 17. f4 Rad8 18. Ng4 Nxg4 19. hxg4 e5 20. f5 Ng8 21. g5
hxg5 22. Bxg5 Bf6 23. Bxf6 Nxf6 24. Qg5 Qe7 25. Rf1 Rg8 26. Kf2 Rg7 27. Ke2
Kg8 28. Rh1 exd4 29. Rh4 Re8 30. Rdh1 Nh7 31. Qxe7 Rxe7 32. f6 Re6 33. fxg7
Nf6 34. cxd4 Kxg7 35. Rf4 c5 36. dxc5 dxc5 37. Rhf1 Bc6 38. Kd2 Be8 39. Bc2
Nd7 40. Bb3 c4 41. Bc2 Ne5 42. Kc3 Rd6 43. Ne2 a5 44. a3 Rb6 45. Nd4 b4+ 46.
axb4 axb4+ 47. Kd2 Rd6 48. Ke3 c3 49. bxc3 bxc3 50. Ra1 Rb6 51. Ra8 Bd7 52.
Ra5 Nc4+ 53. Kd3 Nxa5 54. Kxc3 Nc6 55. Kd3 Nxd4 56. Kxd4 Rd6+ 57. Ke3 Rc6
58. Bd3 Rc3 59. Rf3 Bb5 60. Kd4 Rxd3+ 61. Rxd3 Bxd3 62. Kxd3 Kf6 63. Ke3 Ke6
64. Kf4 Kf6 65. g3 g5+ 66. Kg4 Kg6 67. e5 f5+ 68. Kf3 Kf7 69. Ke3 Ke7 70.
Kd4 Ke6 71. Ke3 Kxe5 72. Kf3 f4 73. g4 Kd4 74. Ke2 Ke4 75. Kf2 f3 76. Kg3
Ke3 77. Kh3 Kf4 78. Kh2 Kxg4 79. Kg1 Kf4 80. Kf1
{Black ran out of time and White has no material to mate}
1/2-1/2

[Event "ICCopen2017"]
[Site "Internet Chess Club"]
[Date "2017.03.19"]
[Round "6"]
[White "MDRAFE3"]
[Black "zxgifteD"]
[Result "0-1"]
[ICCResult "White forfeits on time"]
[WhiteElo "1897"]
[BlackElo "2207"]
[Opening "Trompowsky attack (Ruth, Opocenský opening)"]
[ECO "A45"]
[NIC "QP.07"]
[Time "20:14:16"]
[TimeControl "180+0"]

1. d4 Nf6 2. Bg5 c5 3. dxc5 Qa5+ 4. Qd2 Qxc5 5. Nc3 a6 6. e4 d6 7. Nf3 e6 8.
Bd3 Nbd7 9. O-O Be7 10. a4 b6 11. Rfe1 Bb7 12. h3 O-O 13. Be3 Qc7 14. Nd4
Nc5 15. f3 Rfe8 16. Qf2 Ncd7 17. Nb3 Rac8 18. a5 b5 19. Ne2 Ne5 20. Ned4 Nc4
21. Bxc4 bxc4 22. Nc1 d5 23. exd5 Nxd5 24. Bd2 c3 25. bxc3 Nxc3 26. Ncb3 Bf6
27. Kh1 Red8 28. Be3 Nd5 29. Bc1 e5 30. Nf5 Nf4 31. Bxf4 exf4 32. Rad1 Rxd1
33. Rxd1 g6 34. Nfd4 Bd5 35. Qd2 Bc4 36. Qc3 Bh4 37. Qb4 Bf2 38. Nd2 Bd5 39.
Ne4 Be3 40. Nb3 Bxe4 41. fxe4 Re8 42. Qe1 Qe7 43. Qf1 Qxe4 44. Nc1 Bxc1
{White forfeits on time}
0-1

[Event "ICCopen2017"]
[Site "Internet Chess Club"]
[Date "2017.03.19"]
[Round "6"]
[White "vsqk"]
[Black "CristianS"]
[Result "0-1"]
[ICCResult "White resigns"]
[WhiteElo "1802"]
[BlackElo "2005"]
[Opening "Ruy Lopez: Anderssen variation"]
[ECO "C77"]
[NIC "RL.12"]
[Time "20:14:16"]
[TimeControl "180+0"]

1. e4 e5 2. Nf3 Nc6 3. Bb5 a6 4. Ba4 Nf6 5. d3 b5 6. Bb3 Bc5 7. a3 d6 8. h3
O-O 9. O-O Be6 10. c3 Bxb3 11. Qxb3 h6 12. Nbd2 Nd7 13. Rd1 Ba7 14. Qd5 Ne7
15. Qb3 Ng6 16. Nf1 Nf4 17. Bxf4 exf4 18. Qd5 Qf6 19. d4 Nb6 20. Qc6 Qe7 21.
e5 Nc4 22. b3 Na5 23. Qe4 Nxb3 24. Rab1 Na5 25. Qxf4 Nc4 26. exd6 Qxd6 27.
Qg4 Nxa3 28. Ra1 Nc4 29. Ne3 Nxe3 30. fxe3 Bb6 31. Ne5 Rfe8 32. Rf1 f6 33.
Ng6 Qe6 34. Qh5 Qxe3+ 35. Kh1 Qg5 36. Qxg5 hxg5 37. h4 Kh7 38. h5 Kh6 39.
Rae1 Kxh5 40. Ne7 Kh6 41. g4 g6 42. Re2 Kg7 43. Rfe1 Kf7 44. Kg2 Rad8 45.
Kf3 Rd7 46. Nc6 Rxe2 47. Rxe2 a5 48. Rb2 Rd6 49. Nd8+ Rxd8 50. Rxb5 a4 51.
Ke4 a3 52. Rb3 Ra8 53. Rb1 a2 54. Ra1 Ra3 55. Kd3 Ba5 56. Kc2 Bxc3 57. Rd1
a1=Q 58. Rxa1 Bxa1 59. d5 Be5 {White resigns} 0-1

[Event "ICCopen2017"]
[Site "Internet Chess Club"]
[Date "2017.03.19"]
[Round "6"]
[White "Ancient"]
[Black "hamlet"]
[Result "1-0"]
[ICCResult "Black checkmated"]
[WhiteElo "2017"]
[BlackElo "1676"]
[Opening "Sicilian: Najdorf"]
[ECO "B90"]
[NIC "SI.14"]
[Time "20:14:08"]
[TimeControl "180+0"]

1. e4 c5 2. Nf3 d6 3. d4 cxd4 4. Nxd4 Nf6 5. Nc3 a6 6. Bd3 e5 7. Nde2 Be7 8.
O-O O-O 9. Kh1 b5 10. a3 Bb7 11. Ng3 Nbd7 12. Nf5 Nc5 13. Nxe7+ Qxe7 14. Qe2
Rfd8 15. Bg5 h6 16. Bh4 g5 17. Bg3 h5 18. h4 g4 19. Rae1 Nfd7 20. f3 Nxd3
21. cxd3 gxf3 22. Qxf3 Nc5 23. Re3 Kg7 24. Qxh5 Rh8 25. Qg4+ Kf8 26. Ref3
Rh7 27. Nd5 Bxd5 28. exd5 Rg7 29. Qh5 a5 30. d4 e4 31. Qh8+ Rg8 32. Qh6+ Ke8
33. Bxd6 Qa7 34. Bxc5 Qa6 35. Qxa6 Rxa6 36. Rxf7 Rh6 37. g3 Rhg6 38. Re7+
Kd8 39. d6 Rxg3 40. Rf2 e3 41. Re2 Rh3+ 42. Rh2 Rf3 43. Bb6+ Kc8 44. d7+ Kb7
45. Re2 Rf1+ 46. Kh2 Rf2+ 47. Rxf2 exf2 48. d8=Q+ Ka6 49. Ra7#
{Black checkmated}
1-0

[Event "ICCopen2017"]
[Site "Internet Chess Club"]
[Date "2017.03.19"]
[Round "6"]
[White "Darnoc"]
[Black "Red-white"]
[Result "0-1"]
[ICCResult "White forfeits on time"]
[WhiteElo "2954"]
[BlackElo "3017"]
[Opening "Nimzo-Indian: classical variation"]
[ECO "E32"]
[NIC "NI.24"]
[Time "20:14:30"]
[TimeControl "180+0"]

1. d4 Nf6 2. c4 e6 3. Nc3 Bb4 4. Qc2 O-O 5. e4 d5 6. e5 Ne4 7. Bd3 c5 8. Nf3
cxd4 9. Nxd4 Nd7 10. Bf4 Ndc5 11. O-O Bxc3 12. bxc3 Bd7 13. Be2 Na4 14. cxd5
exd5 15. f3 Nexc3 16. Bd3 h6 17. Rac1 Rc8 18. Qd2 Qh4 19. Bf5 Rc4 20. g3 Qe7
21. Rfe1 Rxd4 22. Qxd4 Bxf5 23. Bd2 Rc8 24. Bxc3 Rc4 25. Qxd5 Rxc3 26. Rxc3
Nxc3 27. Qc4 Qa3 28. Qc7 Qb4 29. e6 Bxe6 30. Qd8+ Qf8 31. Qd3 Qc5+ 32. Kg2
Nd5 33. Re2 Qc3 34. Qe4 Qb4 35. Rf2 Qxe4 36. fxe4 Ne3+ 37. Kf3 Nc4 38. Rd2
Nb6 39. Ke2 Kf8 40. Rd1 Ke7 41. Ke1 Nc4 42. Rc1 Ne5 43. Rc7+ Kd6 44. Rxb7
Nd3+ 45. Kd2 Nc5 46. Rxa7 Nxe4+ 47. Ke3 Nc5 {White forfeits on time} 0-1

[Event "ICCopen2017"]
[Site "Internet Chess Club"]
[Date "2017.03.19"]
[Round "6"]
[White "justinchess"]
[Black "ChessOlympian"]
[Result "1-0"]
[ICCResult "Black forfeits on time"]
[WhiteElo "2243"]
[BlackElo "1732"]
[Opening "King's Indian: fianchetto, Panno variation"]
[ECO "E63"]
[NIC "KI.71"]
[Time "20:14:26"]
[TimeControl "180+0"]

1. Nf3 Nf6 2. d4 g6 3. c4 Bg7 4. Nc3 O-O 5. g3 d6 6. Bg2 Nc6 7. O-O a6 8. b3
Rb8 9. d5 Na5 10. Qd3 Bd7 11. b4 Bf5 12. e4 Nxe4 13. Nxe4 Nxc4 14. Rb1 Nb6
15. Nh4 Bd7 16. Nc3 c6 17. a4 cxd5 18. a5 Nc4 19. Nxd5 Ne5 20. Qd1 Bc6 21.
Bg5 f6 22. Be3 e6 23. Nf4 Qd7 24. Bxc6 bxc6 25. Nhg2 Nc4 26. Qd3 Nxe3 27.
Nxe3 e5 28. Ne2 d5 29. Qxa6 f5 30. b5 cxb5 31. Rfd1 d4 32. Rbc1 Ra8 33. Qb6
Rfb8 34. Qc5 Rxa5 35. Nd5 Qd8 36. Ne7+ Kh8 37. Nc6 Qb6 38. Qxb6
{Black forfeits on time}
1-0

[Event "ICCopen2017"]
[Site "Internet Chess Club"]
[Date "2017.03.19"]
[Round "6"]
[White "unkavalo"]
[Black "MrWizard"]
[Result "1/2-1/2"]
[ICCResult "Black ran out of time and White has no material to mate"]
[WhiteElo "2482"]
[BlackElo "2027"]
[Opening "English opening"]
[ECO "A22"]
[NIC "EO.09"]
[Time "20:14:43"]
[TimeControl "180+0"]

1. c4 e5 2. Nc3 Nf6 3. Nf3 Bc5 4. Nxe5 O-O 5. d4 Bb4 6. Nd3 Be7 7. g3 d6 8.
Bg2 Bf5 9. e4 Bc8 10. O-O c6 11. h3 Nbd7 12. Be3 Re8 13. f4 Nb6 14. b3 h6
15. Qf3 Nh7 16. g4 Bh4 17. Rad1 Nd7 18. e5 dxe5 19. dxe5 Qa5 20. Ne4 Ndf8
21. Nd6 Rd8 22. a4 Ne6 23. Qe2 Be7 24. c5 Nc7 25. Qc2 Nd5 26. Bxd5 cxd5 27.
b4 Qc7 28. Qb3 h5 29. Qxd5 hxg4 30. Qxf7+ Kh8 31. f5 Bxd6 32. Qxc7 Bxc7 33.
Nf4 Rxd1 34. Ng6+ Kg8 35. Rxd1 Bxf5 36. Ne7+ Kf7 37. Nxf5 Bxe5 38. hxg4 Nf6
39. g5 Ne4 40. Bd4 Bxd4+ 41. Rxd4 Nxg5 42. Nd6+ Ke6 43. Nxb7 Nf3+ 44. Kf2
Nxd4 45. b5 Kd5 46. c6 Rf8+ 47. Ke3 Nxc6 48. bxc6 Kxc6 49. Na5+ Kc5 50. Nb3+
Kb4 51. Nd4 Rf7 52. a5 Kxa5 53. Nc6+
{Black ran out of time and White has no material to mate}
1/2-1/2